Map: Dreamcatcher LE

Players

PtitDrogo - Winner!

  • Race: Protoss Protoss
  • Spawn Location: 5:00

Akelarre

  • Race: Protoss Protoss
  • Spawn Location: 11:00

Event: WCS Valencia 2018

VOD

Have the link to the VOD?

Description

Time

  • Played on: July 12, 2018, 6:15 a.m.
  • Length: 6:15

All games in this series

Show
View Real Time Build Order
Export as new Build Order

PtitDrogo Protoss - Winner!

Build Orders: Oracle Opening 

Get SALT Encoding   

  12  0:00  Probe  
  13  0:12  Probe  
  14  0:17  Pylon  
  14  0:24  Probe  
  15  0:32  Probe  
  15  0:37  Gateway  
  15  0:40  Probe  
  16  0:48  Assimilator  
  17  0:50  Probe  
  17  0:55  Assimilator  
  18  0:58  Probe  
  19  1:06  Probe  
  20  1:13  Gateway  
  20  1:17  Probe  
  21  1:26  Cybernetics Core  
  21  1:29  Probe  
  22  1:35  Pylon  
  22  1:41  Probe  
  23  1:53  Probe  
  24  2:04  Adept x2  
  24  2:05  Warp Gate  
  28  2:13  Pylon  
  28  2:16  Stargate  
  28  2:18  Probe  
  29  2:42  Nexus  
  29  2:46  Probe  
  29  2:50  Oracle  
  30  2:58  Probe  
  34  3:10  Probe  
  35  3:17  Oracle  
  35  3:22  Probe  
  36  3:28  Pylon  
  39  3:36  Forge  
  39  3:46  Probe  
  40  3:56  Probe  
  40  3:57  Probe  
  42  4:04  Probe  
  42  4:05  Protoss Ground Weapons Level 1  
  42  4:09  Probe  
  44  4:13  Probe  
  45  4:18  Robotics Facility  
  45  4:21  Probe  
  46  4:24  Probe  
  46  4:26  Stalker  
  46  4:27  Stalker  
  46  4:30  Shield Battery  
  51  4:32  Probe  
  51  4:33  Probe  
  53  4:39  Assimilator  
  53  4:40  Probe  
  53  4:42  Assimilator  
  53  4:44  Pylon  
  53  4:45  Probe  
  55  4:50  Sentry x2  
  55  4:51  Probe  
  60  4:57  Probe  
  60  4:59  Observer  
  61  5:03  Probe  
  63  5:09  Probe  
  63  5:12  Twilight Council, Pylon  
  64  5:15  Gateway, Probe  
  64  5:17  Gateway  
  65  5:28  Immortal  
  69  5:37  Pylon  
  69  5:41  Gateway  
  69  5:43  Gateway  
  69  5:52  Stalker x2  
Show
View Real Time Build Order
Export as new Build Order

Akelarre Protoss 

Build Orders: 1 Gate Expand 

Get SALT Encoding   

  12  0:01  Probe  
  13  0:13  Probe  
  14  0:18  Pylon  
  14  0:25  Probe  
  15  0:37  Probe  
  16  0:49  Probe  
  17  0:52  Gateway  
  17  0:56  Assimilator  
  17  1:02  Probe  
  18  1:14  Probe  
  19  1:26  Nexus  
  19  1:33  Probe  
  20  1:40  Cybernetics Core  
  20  1:46  Pylon  
  20  1:48  Probe  
  20  1:53  Zealot, Pylon  
  23  2:08  Assimilator  
  23  2:13  Probe  
  23  2:14  Stalker  
  24  2:21  Warp Gate  
  26  2:26  Probe  
  27  2:38  Probe  
  27  2:39  Probe  
  29  2:46  Probe  
  29  2:47  Probe  
  29  2:48  Shield Battery  
  31  2:54  Probe  
  31  2:55  Probe  
  32  3:01  Stalker  
  33  3:10  Probe  
  33  3:17  Probe  
  29  3:33  Probe  
  30  3:39  Probe  
  31  3:42  Stalker  
  31  3:51  Shield Battery  
  31  3:52  Probe  
  24  3:57  Probe  
  21  4:03  Probe  
  21  4:09  Probe  
  21  4:11  Probe  
  20  4:19  Probe  
  20  4:21  Probe  
  20  4:40  Gateway x2  
  20  4:41  Probe  
  21  4:48  Probe  
  21  4:49  Probe  
  23  5:00  Probe  
  24  5:09  Probe  
  21  5:34  Probe  
  21  5:36  Probe  
  23  5:43  Probe  
  23  5:48  Probe  
  25  5:53  Probe  
  24  6:00  Probe  
Tags
 
Add a new tag
Caveats
  • Supply blocks, unpowered buildings, or Contaminate may cause inaccurate times.
  • Supply counts are checked every 10 seconds.